 Dungeon Crawl Stone Soup version 0.24.0-28-g17ded55e90 (webtiles) character file.

Game seed: 5212525747736746584, levelgen mode: deterministic

3584 Delamore the Severer (level 10, -7/77 HPs)
             Began as a Hill Orc Fighter on Nov 11, 2019.
             Was an Elder of Okawaru.
             Killed from afar by a steam dragon (13 damage)
             ... with a ball of steam
             ... on level 7 of the Dungeon.
             The game lasted 00:11:10 (7174 turns).

Delamore the Severer (Hill Orc Fighter)             Turns: 7174, Time: 00:11:11

Health: -7/77      AC: 10    Str: 23    XL:     10   Next: 10%
Magic:  10/10      EV:  8    Int:  8    God:    Okawaru [****..]
Gold:   322        SH: 10    Dex: 14    Spells: 9/9 levels left

rFire    . . .     SeeInvis .   a - +0 war axe
rCold    + . .     Gourm    .   c - +0 shield
rNeg     . . .     Faith    .   K - +4 ring mail
rPois    .         Spirit   .   (no helmet)
rElec    .         Reflect  .   O - +0 cloak
rCorr    .         Harm     .   (no gloves)
MR       +....                  (no boots)
Stlth    +.........             (no amulet)
HPRegen  0.22/turn              q - ring of protection from magic
MPRegen  0.12/turn              F - +6 ring of dexterity

@: no status effects
A: talons 1, clumsy 1, cold resistance 1
a: Heroism, Renounce Religion


You were on level 7 of the Dungeon.
You worshipped Okawaru.
Okawaru was greatly pleased with you.
You were hungry.

You visited 2 branches of the dungeon, and saw 9 of its levels.

You collected 322 gold pieces.

Inventory:

Hand Weapons
 a - a +0 war axe (weapon)
Armour
 c - a +0 shield (worn)
 o - a scarf of repulsion
 K - a +4 ring mail (worn)
 O - a +0 cloak (worn)
Jewellery
 q - a ring of protection from magic (left hand)
 w - an uncursed ring of protection from cold
 A - a +3 ring of dexterity
 F - a +6 ring of dexterity (right hand)
Wands
 b - a wand of scattershot (4)
 p - a wand of enslavement (5)
 D - a wand of polymorph (6)
 G - a wand of flame (26)
 H - a wand of iceblast (11)
 M - a wand of acid (3)
Scrolls
 g - 2 scrolls of random uselessness {unknown}
 i - 3 scrolls of enchant armour {unknown}
 r - 2 scrolls of enchant weapon {unknown}
 s - 4 scrolls of remove curse {unknown}
 t - 4 scrolls of teleportation {unknown}
 u - a scroll of immolation
 y - 3 scrolls of blinking {unknown}
 B - 4 scrolls of fog {unknown}
 J - 3 scrolls of magic mapping {unknown}
 N - 3 scrolls of amnesia {unknown}
Potions
 d - 5 potions of might
 e - 2 potions of brilliance
 h - a potion of curing
 k - a potion of cancellation
 m - a potion of haste
 n - a potion of agility
 v - a potion of berserk rage
 x - 2 potions of flight
 z - 3 potions of degeneration
 I - a potion of invisibility {unknown}
 L - a potion of lignification {unknown}
Comestibles
 f - 21 rations


   Skills:
 - Level 3.6 Fighting
 + Level 17.1 Axes
 - Level 3.2 Armour
 - Level 3.2 Shields


You had 9 spell levels left.
You didn't know any spells.
Your spell library contained the following spells:

 Spells                   Type           Power        Failure   Level  Hunger
 Beastly Appendage        Tmut           #.....       97%         1    ##.....
 Sticks to Snakes         Tmut           #.......     99%         2    ###....
 Spider Form              Tmut/Pois      #.........   100%        3    ####...
 Ice Form                 Ice/Tmut       #.......     100%        4    #####..
 Blade Hands              Tmut           #.........   100%        5    ######.


Dungeon Overview and Level Annotations

Branches:
Dungeon (8/15)             Temple (1/1) D:4
   Lair: D:8-11

Altars:
Ashenzari
Cheibriados
Dithmenos
Elyvilon
Fedhas
Gozag
Hepliaklqana
Kikubaaqudgha
Makhleb
Nemelex Xobeh
Okawaru
Qazlal
Ru
Sif Muna
Uskayaw
Vehumet
Wu Jian
Xom
Yredelemnul
Zin
The Shining One

Shops:
D:6 [


Innate Abilities, Weirdness & Mutations

You have sharp toenails.
You are clumsy. (Dex -2)
Your flesh is cold resistant. (rC+)


Message History

The magic dart hits you.
* * * LOW HITPOINT WARNING * * *
There is an escape hatch in the ceiling, spattered with blood here.
You block the steam dragon's attack. The steam dragon closely misses you.
The phantom is engulfed in a cloud of scalding steam.
The phantom hits you.
* * * LOW HITPOINT WARNING * * *
The phantom blinks!
A mysterious force pulls you upwards. The hatch slams shut behind you.
That item cannot be evoked!
You are feeling hungry.
Evoke which item? (* to show all) (? for menu, Esc to quit)
Aiming: Corrosive Bolt
Press: ? - help, Shift-Dir - straight line, f - steam dragon
Aim: a steam dragon (catching its breath)
The bolt of acid hits the steam dragon!
The steam dragon is splashed with acid!
The steam dragon is severely wounded.
The steam dragon breathes steam at you. The ball of steam hits you!
You die...

.###.......####..##### #.# # .#
##............)...###.######## .#
#................'........... .#
#................###.########
.###############.....# #.# ....#
##'#### #.# .#### #...# #.#
.###############D..#####.#
..............#.@........#
.############.###################
.................................
.#########.######################
.........................#
.##########.############.# .#
#.############.######## .#
#.##................... .#
#.##.#########รท########


You could see a steam dragon.

Vanquished Creatures
  Pikel (D:3)
  2 hippogriffs
  Menkaure (D:7)
  Edmund (D:6)
  A water moccasin (D:8)
  Duvessa (D:5)
  An orc warrior (D:6)
  A black bear (D:6)
  A phantom (D:8)
  4 ogres
  A big kobold (D:8)
  6 bullfrogs
  A water moccasin zombie (D:6)
  Dowan (D:5)
  3 scorpions
  A howler monkey (D:5)
  2 crimson imps
  A centaur zombie (D:5)
  A jelly (D:7)
  A hound (D:8)
  Crazy Yiuf (D:7)
  A centaur skeleton (D:7)
  2 orc priests
  2 iguanas
  An orc wizard (D:4)
  12 worker ants
  A hound skeleton (D:4)
  2 worker ant zombies
  12 adders
  6 gnolls (D:4)
  2 oozes
  An adder skeleton (D:4)
  3 worms
  A dart slug (D:3)
  4 leopard geckos
  17 orcs
  6 giant cockroaches
  8 goblins
  7 hobgoblins
  6 jackals
  2 quokkas
  6 bats
  5 frilled lizards
  10 kobolds
  3 leopard gecko skeletons
  5 rats
  A fungus (D:7)
159 creatures vanquished.

Vanquished Creatures (others)
  A worker ant (D:4)
  2 orcs (D:8)
  A quokka (D:4)
4 creatures vanquished.

Grand Total: 163 creatures vanquished

Notes
Turn   | Place    | Note
-------+----------+-------------------------------------------
     0 | D:1      | Delamore the Hill Orc Fighter began the quest for the Orb.
     0 | D:1      | Reached XP level 1. HP: 19/19 MP: 1/1
    88 | D:1      | Reached skill level 3 in Axes
   169 | D:1      | Reached XP level 2. HP: 22/26 MP: 2/2
   428 | D:1      | Reached skill level 4 in Axes
   856 | D:2      | Reached XP level 3. HP: 31/31 MP: 3/3
   935 | D:2      | Found a sparkling altar of Nemelex Xobeh.
   982 | D:2      | Reached skill level 5 in Axes
  1792 | D:3      | Reached XP level 4. HP: 37/39 MP: 4/4
  1833 | D:3      | Found an opulent altar of Gozag.
  1921 | D:3      | Reached skill level 6 in Axes
  2251 | D:3      | Reached XP level 5. HP: 45/45 MP: 5/5
  2311 | D:3      | You fall into a shaft and drop 1 floor!
  2326 | D:4      | Reached skill level 7 in Axes
  2487 | D:4      | Found a staircase to the Ecumenical Temple.
  2502 | Temple   | Entered the Ecumenical Temple
  2547 | Temple   | Became a worshipper of Warmaster Okawaru
  2939 | D:4      | Noticed Pikel
  2939 | D:4      | Noticed a slave
  2939 | D:4      | Noticed a slave
  2939 | D:4      | Noticed a slave
  2939 | D:4      | Noticed a slave
  2952 | D:3      | Killed Pikel
  2952 | D:3      | Reached * piety under Okawaru
  2952 | D:3      | Reached ** piety under Okawaru
  2952 | D:3      | Reached skill level 10 in Axes
  2952 | D:3      | Reached XP level 6. HP: 13/51 MP: 6/6
  2952 | D:3      | Reached XP level 7. HP: 14/57 MP: 7/7
  3218 | D:4      | Reached *** piety under Okawaru
  3218 | D:4      | Reached skill level 11 in Axes
  3673 | D:4      | Reached XP level 8. HP: 39/64 MP: 8/8
  3909 | D:4      | Noticed an angel
  3910 | D:4      | Found a shimmering altar of Xom.
  3911 | D:4      | Found a glowing silver altar of Zin.
  3930 | D:4      | Reached skill level 12 in Axes
  4049 | D:5      | Entered Level 5 of the Dungeon
  4067 | D:5      | Found a blossoming altar of Fedhas.
  4077 | D:5      | Found a stormy altar of Qazlal.
  4195 | D:5      | Noticed Duvessa
  4201 | D:5      | Noticed Dowan
  4218 | D:5      | Killed Duvessa
  4222 | D:5      | HP: 1/64 [Dowan/stone arrow (12)]
  4226 | D:5      | Killed Dowan
  4226 | D:5      | Reached skill level 13 in Axes
  4695 | D:5      | Found a shimmering blue altar of Sif Muna.
  4822 | D:5      | Found a glowing golden altar of the Shining One.
  4822 | D:5      | Found an opulent altar of Gozag.
  4944 | D:6      | Noticed a hippogriff
  4966 | D:6      | Reached **** piety under Okawaru
  4974 | D:6      | Killed a hippogriff
  4974 | D:6      | Reached skill level 14 in Axes
  4974 | D:6      | Reached XP level 9. HP: 38/70 MP: 9/9
  5344 | D:6      | Found Zionit's Antique Armour Boutique.
  5392 | D:6      | Noticed Edmund
  5419 | D:6      | Killed Edmund
  5419 | D:6      | Reached skill level 15 in Axes
  5652 | D:7      | Noticed Menkaure
  5658 | D:7      | Killed Menkaure
  6542 | D:7      | Found a runed translucent door.
  6543 | D:7      | Noticed Crazy Yiuf
  6551 | D:7      | Killed Crazy Yiuf
  6579 | D:7      | Gained mutation: You have sharp toenails. [potion of
                  | mutation]
  6579 | D:7      | Gained mutation: You are clumsy. (Dex -2) [potion of
                  | mutation]
  6579 | D:7      | Gained mutation: Your flesh is cold resistant. (rC+)
                  | [potion of mutation]
  6714 | D:8      | Reached skill level 16 in Axes
  6820 | D:8      | Reached XP level 10. HP: 61/77 MP: 10/10
  7111 | D:8      | Reached skill level 17 in Axes
  7122 | D:8      | HP: 2/77 [something/ball of steam (10)]
  7174 | D:7      | Killed from afar by a steam dragon

Levels and vault maps discovered:
D:1:      dpeg_arrival_connections, layout_loops_ring, nrook_uturn,
          nrook_mini_vaults, grunt_decor_arrowhead
D:2:      layout_basic, nemelex_dance_club_becter
D:3:      layout_loops_ring, nicolae_gozag_seed_capital
D:4:      layout_rooms, grunt_temple_overflow_order_and_chaos_1,
          minmay_temple_entry_gardened_gates, uniq_pikel
D:5:      layout_rooms, grunt_temple_overflow_forces_of_nature,
          gammafunk_temple_overflow_statue, first_ration, led_sif_pool,
          uniq_duvessa
D:6:      layout_rooms, serial_shops, nicolae_shop_crystal, serial_park_tiny_1,
          chequers_serial_rivers_micro_e, uniq_edmund
D:7:      layout_basic, uniq_crazy_yiuf_cottage, uniq_menkaure
D:8:      layout_basic
Temple:   eino_wide_crystal_templ

Skill      XL: |  1  2  3  4  5  6  7  8  9 10 |
---------------+-------------------------------+-----
Axes           | 3 4 5 6 10 11 14 16 17 | 17.1
Fighting       | |  3.6
Armour         | |  3.2
Shields        | |  3.2

Action                   |  1- 3 |  4- 6 |  7- 9 | 10-12 || total
-------------------------+-------+-------+-------+-------++-------
Melee: War axe           |    93 |   136 |   338 |    32 ||   599
       Unarmed           |       |     9 |       |       ||     9
       Kick              |       |       |     6 |    12 ||    18
Invok: Heroism           |       |       |     1 |     1 ||     2
Evoke: Wand              |       |       |       |     1 ||     1
  Use: Potion            |       |       |     5 |     1 ||     6
       Scroll            |       |       |     8 |     1 ||     9
  Eat: Chunk             |     3 |     3 |    13 |     1 ||    20
Armor: Scale mail        |    37 |    56 |    25 |       ||   118
       Skin              |       |     5 |       |       ||     5
       Ring mail         |       |       |    56 |     9 ||    65
Dodge: Dodged            |    29 |    61 |    76 |     8 ||   174
       Deflected         |     2 |     1 |     1 |       ||     4
Block: Shield            |    50 |    58 |   135 |    18 ||   261
